 Dungeon Crawl Stone Soup version 0.30-a0-1074-g5db6f66fbb (webtiles) character file.

Game seed: 5881019150019984003

254 Newt the Shooter (level 6, -1/40 HPs)
             Began as a Kobold Hunter on Apr 13, 2023.
             Killed by nerve-wracking pain
             ... invoked by Grinder
              (13 damage)
             ... on level 3 of the Dungeon.
             The game lasted 00:02:14 (1969 turns).

Newt the Shooter (Kobold Hunter)                    Turns: 1969, Time: 00:02:14

Health: -1/40      AC:  3    Str:  8    XL:     6   Next: 38%
Magic:  6/6        EV: 14    Int: 10    God:
Gold:   41         SH:  0    Dex: 21    Spells: 5/5 levels left

rFire   . . .      SeeInvis .    a - +2 shortbow
rCold   . . .      Faith    .    (shield currently unavailable)
rNeg    . . .      Spirit   .    c - +0 leather armour
rPois   .          Reflect  .    (no helmet)
rElec   .          Rampage  .    (no cloak)
rCorr   +                        (no gloves)
Will    .....                    (no boots)
Stlth   +++                      (no amulet)
HPRegen 0.26/turn                e - ring of resist corrosion
MPRegen 0.10/turn                (no ring)

@: no status effects
A: small, no large weapons, nightstalker 3
a: no special abilities


You were on level 3 of the Dungeon.
You visited 1 branch of the dungeon, and saw 3 of its levels.

You collected 41 gold pieces.

Inventory:

Hand Weapons
 a - a +2 shortbow (weapon)
Armour
 c - a +0 leather armour (worn)
 j - a +2 scale mail of willpower
Jewellery
 e - a ring of resist corrosion (left hand)
Wands
 i - a wand of digging (2)
 l - a wand of flame (18)
Scrolls
 f - 2 scrolls of identify {unknown}
 g - a scroll of vulnerability {unknown}
 k - a scroll of enchant weapon
Potions
 b - a potion of cancellation
 h - a potion of attraction {unknown}


   Skills:
 - Level 5.0 Fighting
 + Level 7.8 Ranged Weapons
 - Level 2.4 Dodging
 - Level 1.3 Stealth


You had 5 spell levels left.
You didn't know any spells.
Your spell library contained the following spells:

 Spells                   Type           Power      Damage    Failure   Level
 Foxfire                  Conj/Fire      0%         2x1d4     50%         1
 Fireball                 Conj/Fire      0%         3d3       100%        5
 Plasma Beam              Fire/Air       0%         2x1d11    100%        6
 Starburst                Conj/Fire      0%         6d3       100%        6
 Chain Lightning          Conj/Air       0%         N/A       100%        9
 Fire Storm               Conj/Fire      0%         5d1       100%        9
 Shatter                  Erth           0%         3d5*      100%        9


Dungeon Overview and Level Annotations

Branches:
Dungeon (3/15)

Altars:

Annotations:
D:3 Grinder


Innate Abilities, Weirdness & Mutations

You are small and have problems with some larger weapons.
You are completely attuned to the shadows.


Message History

You shoot an arrow. The arrow barely misses Grinder.
Grinder hits you!
You writhe in agony.
You shoot an arrow. The arrow closely misses Grinder.
Grinder hits you!
You writhe in agony.
You are too injured to fight recklessly!
You are too injured to fight recklessly!
You shoot an arrow. The arrow hits Grinder.
Grinder is moderately wounded.
Grinder hits you.
You writhe in agony.
* * * LOW HITPOINT WARNING * * *
It was a potion of cancellation.
You feel magically purged.
Grinder blinks!
It was a potion of curing.
You feel better.
Fire: a) +2 shortbow
Press: ? - help, Shift-Dir - straight line, f/p - Grinder
Aim: Grinder (moderately wounded, 66% to hit)
You shoot an arrow. The arrow barely misses Grinder.
Grinder gestures at you. Pain shoots through your body!
* * * LOW HITPOINT WARNING * * *
Fire: a) +2 shortbow
Press: ? - help, Shift-Dir - straight line, f/p - Grinder
Aim: Grinder (moderately wounded, 66% to hit)
You shoot an arrow. The arrow hits Grinder!
Grinder is heavily wounded.
Grinder blinks!
Unknown command.
Fire: a) +2 shortbow
Press: ? - help, Shift-Dir - straight line, f/p - Grinder
Aim: Grinder (heavily wounded, 66% to hit)
You shoot an arrow. The arrow hits Grinder.
Grinder is heavily wounded.
Unknown command.
Fire: a) +2 shortbow
Press: ? - help, Shift-Dir - straight line, f/p - Grinder
Aim: Grinder (heavily wounded, 66% to hit)
You shoot an arrow. The arrow hits Grinder.
Grinder is severely wounded.
Grinder gestures at you. Pain shoots through your body!
You die...

.........
.###...###
#........
#.#...##
.......# .#
##.##..## .#
#. #...# .###
##.#.###5..#
...#†#.@....
.......###..#
.......# .#
.).##.# # ...
##. .# ##


You could see Grinder.

Vanquished Creatures
  Sigmund (D:2)
  An orc priest (D:3)
  Ijyb (D:2)
  A dart slug (D:3)
  4 orcs (D:3)
  6 bats
  5 endoplasms
  A giant cockroach (D:3)
  4 goblins (D:2)
  4 hobgoblins
  4 kobolds
  2 quokkas
  7 ball pythons
41 creatures vanquished.

Notes
Turn   | Place    | Note
-------+----------+-------------------------------------------
     0 | D:1      | Newt the Kobold Hunter began the quest for the Orb.
     0 | D:1      | Reached XP level 1. HP: 12/12 MP: 1/1
    47 | D:1      | Reached XP level 2. HP: 18/18 MP: 2/2
   598 | D:2      | Reached XP level 3. HP: 23/23 MP: 3/3
   737 | D:2      | Noticed Sigmund
   740 | D:2      | Killed Sigmund
   741 | D:2      | Reached skill level 5 in Fighting
   741 | D:2      | Reached skill level 6 in Ranged Weapons
   741 | D:2      | Reached XP level 4. HP: 31/31 MP: 4/4
   741 | D:2      | Reached XP level 5. HP: 35/35 MP: 5/5
  1344 | D:2      | Reached skill level 7 in Ranged Weapons
  1384 | D:3      | Reached XP level 6. HP: 40/40 MP: 6/6
  1393 | D:3      | Noticed Ijyb
  1418 | D:2      | Killed Ijyb
  1957 | D:3      | Noticed Grinder
  1969 | D:3      | Killed from afar by Grinder

Illustrated notes

Levels and vault maps discovered:
D:1:      dpeg_arrival_fog, layout_basic, minmay_misc_feat_square
D:2:      layout_basic, uniq_sigmund
D:3:      layout_loops_ring, mainiacjoe_overflow_surrounded_room, uniq_ijyb,
          uniq_grinder

Skill      XL: |  1  2  3  4  5 |
---------------+----------------+-----
Fighting       | 3 5 |  5.0
Ranged Weapons | 6 7 |  7.8
Dodging        | |  2.4
Stealth        | |  1.3

Action                     |  1- 3 |  4- 6 || total
---------------------------+-------+-------++-------
   Fire: Shortbow          |    46 |    47 ||    93
    Use: Scroll            |     4 |       ||     4
         Potion            |       |     2 ||     2
 Armour: Leather armour    |       |     1 ||     1
  Dodge: Dodged            |    11 |     8 ||    19

Table legend: (Time is in decaauts)
 A = Elapsed time spent in this place.
 B = Non-inter-level travel time spent in this place.
 C = Inter-level travel time spent in this place.
 D = Time resting spent in this place.
 E = Time spent auto-exploring this place.
 F = Levels seen in this place.
 G = Mean time per level.
                   A        B        C        D        E       F      G
               +--------+--------+--------+--------+--------+-----+--------+
         Total |   1989 |   1955 |     34 |    484 |   1266 |   3 |  663.0 |
       Dungeon |   1989 |   1955 |     34 |    484 |   1266 |   3 |  663.0 |
               +--------+--------+--------+--------+--------+-----+--------+

Top non-repeatable levels by time:
     D:2: 1202 daAuts
     D:1: 493 daAuts
     D:3: 293 daAuts
